 Dungeon Crawl Stone Soup version bcrawl-1.21.2-20-g6d45ba5942 (webtiles) character file.

Game seed: 15410136082415628995

51 BeastOfSaturn the Grasshopper (level 3, 0/21 HPs)
             Began as a Vine Stalker Warper on Feb 28, 2020.
             Slain by a worker ant (2 damage)
             ... on level 2 of the Dungeon.
             The game lasted 00:07:02 (1310 turns).

BeastOfSaturn the Grasshopper (Vine Stalker Warper) Turns: 1310, Time: 00:07:02

Health: 0/21       AC:  4    Str: 14    XL:     3   Next: 81%
Magic:  5/5        EV: 12    Int: 13    God:
Gold:   174        SH:  0    Dex: 13    Spells: 1/4 levels left

rFire    . . .     SeeInvis .   j - +0 spear
rCold    . . .     Gourm    .   (no shield)
rNeg     . . .     Faith    .   i - +0 leather armour
rPois    .         Spirit   .   n - +0 helmet
rElec    .         Reflect  .   (no cloak)
rCorr    .         Harm     .   (no gloves)
MR       .....                  (no boots)
Stlth    +.........             (no amulet)
HPRegen  0.47/turn              (no ring)
MPRegen  0.09/turn              (no ring)

@: lethally poisoned (0 -> 0)
A: fangs 2, regeneration 1, no potion heal 3, rot immunity, strong jaws
a: no special abilities


You were on level 2 of the Dungeon.
You were not hungry.

You visited 1 branch of the dungeon, and saw 2 of its levels.

You collected 174 gold pieces.

Inventory:

Hand Weapons
 a - a +0 dagger
 j - a +0 spear (weapon)
 m - a +0 hunting sling of freezing
Missiles
 f - 2 throwing nets {!f}
 g - 98 javelins (quivered)
 q - 163 stones
Armour
 b - a +0 robe
 i - a +0 leather armour (worn)
 n - a +0 helmet (worn)
Scrolls
 c - a scroll of fog {unknown}
 d - a scroll of blinking
 l - a scroll of noise {unknown}
 o - 2 scrolls of identify {unknown}
 p - a scroll of enchant weapon {unknown}
 s - 2 scrolls of teleportation {unknown}
Potions
 h - a potion of ambrosia {unknown}
 k - a potion of curing {unknown}
 r - a potion of invisibility {unknown}
Comestibles
 e - 4 rations {!d}


   Skills:
 + Level 1.9 Fighting
 - Level 0.5(1.6) Slings
 + Level 2.5(2.6) Throwing
 * Level 1.1 Armour
 + Level 2.0 Dodging
 + Level 1.1 Spellcasting
 * Level 3.5 Translocations


You had one spell level left.
You knew the following spells:

 Your Spells              Type           Power        Failure   Level  Hunger
a - Blink Other           Tloc           #.....       9%          1    ##.....
b - Blink                 Tloc           N/A          12%         2    ###....

Your spell library contained the following spells:

 Spells                   Type           Power        Failure   Level  Hunger
 Portal Projectile        Tloc           #.....       24%         3    ####...
 Teleport Other           Tloc           #.......     24%         3    ####...
 Passage of Golubria      Tloc           N/A          92%         5    ######.


Dungeon Overview and Level Annotations

Branches:
Dungeon (2/12)

Altars:


Innate Abilities, Weirdness & Mutations

You have extremely sharp teeth.
Your natural rate of healing is unusually fast.
Potions cannot restore your health.
You are immune to rotting.
Your bites deal extra damage.


Message History

You feel sick.
You feel sick.
You feel sick. The worker ant bites you.
* * * LOW HITPOINT WARNING * * *
You feel sick.
You see here a kobold corpse.
Throwing (i - inventory. (/) - cycle)
g - 99 javelins (quivered)
Press: ? - help, Shift-Dir - straight line, f/p - worker ant
Aim: a worker ant (severely wounded)
You throw a javelin.
The javelin hits the worker ant but does no damage.
The worker ant is severely wounded.
You feel sick.
The worker ant bites you but does no damage.
The worker ant closely misses you.
You closely miss the worker ant.
The worker ant is severely wounded.
The worker ant bites you.
You die...

#.........##########.#..
#................ ..#.#
#.........############.#
#................# #.#
#..........#####.# #.#
########...#...#.# #.##+
#...#.#.#.#####....
#.a.#.#.#..........
#.@.#.#.#..#####...
###########...#.#<#.^##......
#.........#...#.###..##......
#.........#...#.......+......
#.............#########......
#.........#.#.#..............
#.........#.#.#.######.###...
#####.#.....#.#.######.######
#<....#.#####.#.#.......#


You could see a worker ant.

Vanquished Creatures
  2 oozes (D:2)
  A dart slug (D:1)
  An orc (D:2)
  2 ball pythons (D:1)
  4 bats
  2 giant cockroaches
  6 goblins
  3 hobgoblins (D:1)
  A jackal (D:2)
  2 quokkas (D:2)
  6 frilled lizards
  5 kobolds
  A rat (D:1)
36 creatures vanquished.

Notes
Turn   | Place    | Note
-------+----------+-------------------------------------------
     0 | D:1      | BeastOfSaturn the Vine Stalker Warper began the quest for
                  | the Orb.
     0 | D:1      | Reached XP level 1. HP: 12/12 MP: 3/3
    66 | D:1      | Reached XP level 2. HP: 14/17 MP: 4/4
   301 | D:1      | Learned a level 2 spell: Blink
   351 | D:1      | Reached XP level 3. HP: 21/21 MP: 5/5
  1149 | D:2      | Reached skill level 1 in Armour
  1307 | D:2      | HP: 1/21 [poisoned by a worker ant]
  1310 | D:2      | Slain by a worker ant

Skill      XL: |  1  2  3 |
---------------+----------+-----
Throwing       | 2 |  2.5
Armour         | 1 |  1.1
Fighting       | |  1.9
Slings         | |  0.5
Dodging        | |  2.0
Spellcasting   | |  1.1
Translocations | |  3.5

Action                   || total
-------------------------++-------
Melee: Spear             ||    35
       Bite              ||     4
 Fire: Hunting sling     ||    24
Throw: Javelin           ||    52
  Eat: Ration            ||     1
Armor: Robe              ||     1
       Leather armour    ||    13
Dodge: Dodged            ||    61
